Map: Catalyst LE

Players

Rye

  • Race: Zerg Zerg
  • League: Diamond
  • Spawn Location: 11:00

Creative - Winner!

  • Race: Terran Terran
  • League: Diamond
  • Spawn Location: 5:00

VOD

Have the link to the VOD?

Description

Time

  • Played on: Nov. 29, 2017, 5:39 a.m.
  • Length: 10:57
Show
View Real Time Build Order
Export as new Build Order

Rye Zerg 

Build Orders: Pool First 

Get SALT Encoding   

  12  0:03  Drone  
  13  0:15  Overlord  
  13  0:21  Drone  
  14  0:38  Drone x3  
  17  0:44  Extractor  
  17  0:49  Spawning Pool  
  15  0:53  Drone  
  16  1:01  Drone  
  17  1:21  Hatchery  
  16  1:26  Drone  
  17  1:35  Drone x2  
  19  1:48  Metabolic Boost  
  19  1:53  Zergling x4  
  21  2:21  Overlord  
  21  2:32  Zergling x2  
  21  2:33  Queen  
  24  2:39  Hatchery  
  23  2:57  Zergling x4  
  23  2:58  Zergling x8  
  28  3:14  Queen  
  28  3:15  Drone x2  
  31  3:22  Drone x2  
  33  3:32  Overlord  
  33  3:36  Evolution Chamber, Drone  
  33  3:39  Queen  
  35  3:44  Drone  
  29  4:20  Drone  
  29  4:21  Drone x8  
  38  4:28  Roach Warren  
  37  4:33  Zergling x6  
  37  4:38  Queen  
  42  4:54  Queen  
  42  4:57  Drone x6  
  50  5:00  Overlord x2  
  50  5:01  Overlord  
  50  5:18  Queen  
  52  5:25  Evolution Chamber, Drone x4  
  52  5:26  Evolution Chamber, Spore Crawler  
  52  5:27  Drone x5  
  58  5:34  Extractor  
  57  5:39  Extractor, Lair  
  56  5:49  Spore Crawler  
  53  6:08  Roach x4  
  47  6:45  Roach x6  
  59  6:53  Roach  
  58  7:00  Roach x2  
  60  7:10  Overlord x3  
  58  7:28  Glial Reconstitution  
  56  7:49  Queen  
  56  7:50  Drone  
  56  7:51  Hatchery, Drone x8  
  66  8:01  Queen  
  68  8:13  Extractor  
  67  8:28  Overlord  
  67  8:30  Overlord  
  67  8:31  Overlord  
  67  8:35  Drone x2  
  67  8:36  Drone  
  67  8:38  Drone x2  
  72  8:45  Overlord  
  72  8:46  Overlord x2  
  72  8:52  Infestation Pit  
  71  8:55  Overlord  
  71  9:02  Drone  
  72  9:03  Drone x2  
  72  9:09  Hatchery  
  73  9:14  Drone x3  
  73  9:15  Drone  
  77  9:22  Zergling x4  
  77  9:23  Zergling x6  
  82  9:42  Roach x8  
  82  9:43  Roach x3, Evolution Chamber  
  101  10:09  Ravager x7  
  101  10:10  Ravager x5  
  101  10:12  Zergling x2  
  101  10:13  Zergling x24  
  126  10:21  Roach x2  
  135  10:47  Extractor  
  134  10:51  Spine Crawler  
Show
View Real Time Build Order
Export as new Build Order

Creative Terran - Winner!

Build Orders: MMM Bio 

Get SALT Encoding   

  12  0:00  SCV  
  13  0:12  SCV  
  14  0:17  Supply Depot  
  14  0:25  SCV  
  15  0:39  SCV  
  15  0:40  Barracks  
  16  0:45  Refinery  
  16  0:51  SCV  
  17  1:03  SCV  
  18  1:15  SCV  
  19  1:28  Orbital Command  
  19  1:30  Marine  
  20  1:42  Command Center  
  20  1:48  Marine  
  21  1:59  Factory, SCV  
  22  2:08  Barracks Reactor  
  22  2:11  Supply Depot  
  22  2:13  Refinery  
  22  2:17  SCV  
  23  2:33  SCV  
  24  2:45  SCV  
  24  2:46  Starport  
  25  2:53  Hellion  
  25  2:57  Orbital Command, SCV  
  28  3:09  SCV  
  31  3:17  Hellion x2  
  33  3:21  SCV  
  33  3:25  Medivac  
  36  3:30  SCV  
  36  3:31  Supply Depot  
  36  3:33  SCV  
  38  3:37  Widow Mine x2  
  42  3:43  SCV  
  42  3:45  Supply Depot  
  42  3:46  SCV  
  44  3:55  SCV  
  42  4:06  Hellion  
  42  4:07  Hellion  
  43  4:18  SCV x2  
  45  4:25  Supply Depot  
  45  4:28  Hellion x2  
  45  4:30  Liberator, SCV  
  50  4:40  SCV  
  50  4:43  Command Center  
  51  4:49  Barracks  
  51  4:52  Barracks  
  54  4:53  SCV  
  54  4:55  Armory, Barracks Tech Lab  
  55  5:05  SCV  
  56  5:09  Engineering Bay  
  56  5:10  Engineering Bay, SCV  
  57  5:16  Stimpack, Marine  
  57  5:20  Hellion x2  
  62  5:30  SCV  
  62  5:34  Marine  
  64  5:39  Barracks Reactor x2  
  64  5:41  Hellion  
  64  5:42  Terran Infantry Weapons Level 1, Refinery, Hellion, Terran Infantry Armor Level 1  
  68  5:43  Refinery  
  68  5:53  SCV  
  69  6:01  SCV  
  70  6:07  Barracks  
  70  6:08  Barracks  
  70  6:09  Barracks  
  70  6:15  SCV  
  58  6:44  Orbital Command  
  58  6:45  SCV x2  
  58  6:46  Starport  
  58  6:47  Barracks  
  60  6:48  Barracks  
  60  6:49  Barracks  
  56  6:57  SCV x2  
  56  6:59  Starport Reactor  
  56  7:00  Marine x3  
  61  7:02  Barracks Reactor x3  
  61  7:03  Marine x2  
  63  7:09  SCV  
  64  7:16  Cyclone  
  64  7:17  Cyclone, SCV x2  
  64  7:18  Marine x2  
  70  7:25  Marine, Starport Reactor  
  70  7:29  Combat Shields  
  63  7:31  SCV  
  63  7:33  Marine, SCV  
  63  7:36  Supply Depot x2  
  66  7:38  Medivac x2  
  66  7:41  SCV  
  66  7:43  Factory  
  71  7:46  Marine x2  
  71  7:47  Marine, Barracks Tech Lab  
  71  7:48  Barracks Reactor, Barracks Tech Lab  
  71  7:49  SCV x2  
  71  7:50  Marine  
  77  7:52  Marine x2  
  77  7:57  SCV  
  80  8:01  SCV  
  80  8:05  Supply Depot x3  
  81  8:07  Marine x2, Supply Depot  
  81  8:08  Factory Tech Lab, Marine  
  81  8:12  SCV x2  
  86  8:13  SCV, Supply Depot  
  86  8:16  Medivac  
  86  8:17  Medivac  
  91  8:24  Terran Infantry Weapons Level 2, SCV x2  
  91  8:26  Terran Infantry Armor Level 2  
  93  8:28  SCV  
  93  8:31  Factory Tech Lab  
  94  8:37  SCV  
  94  8:38  Marine x6  
  94  8:39  Marine  
  94  8:40  Marine x2  
  104  8:51  Marine x3  
  104  8:52  Siege Tank x2  
  104  8:55  Marine x2  
  115  8:58  Marine, Refinery  
  115  8:59  Marine  
  115  9:01  Medivac  
  119  9:02  Medivac  
  119  9:04  SCV  
  119  9:05  Marine x2  
  119  9:07  Refinery  
  124  9:22  Marine x2  
  129  9:24  Siege Tank  
  124  9:33  Marine x2  
  124  9:34  Marine  
  124  9:36  Supply Depot  
  124  9:38  Supply Depot  
  127  9:39  Supply Depot x2  
  127  9:40  Marine x2  
  127  9:42  Marine x2  
  131  9:49  Marine x2, Missile Turret  
  131  9:51  Siege Tank  
  131  9:52  Missile Turret, Medivac  
  136  9:53  Medivac  
  136  9:54  Missile Turret  
  136  9:58  Siege Tank  
  142  10:11  Marine x4, Supply Depot  
  142  10:12  Supply Depot  
  146  10:20  Marine x2  
  148  10:22  Marine x3  
  148  10:23  Siege Tank  
  155  10:38  Marine x3  
  155  10:42  SCV x2  
Tags
 
Composition
MMM Bio
Matchup
TvZ
Opening
Pool First
Spawn Locations
Cross Positions
Add a new tag
Caveats
  • Supply blocks, unpowered buildings, or Contaminate may cause inaccurate times.
  • Supply counts are checked every 10 seconds.